 Dungeon Sprint DCSS version 0.30-a0-371-gad7725a93e (webtiles) character file.

Game seed: 5503395286104439928

406 Kingsmith the Magician (level 6, -2/51 HPs)
             Began as a Gnoll Air Elementalist on Nov 21, 2022.
             Was a Follower of Vehumet.
             Slain by a troll (8 damage)
             ... in the Dungeon (Sprint IX: "|||||||||||||||||||||||||||||").
             The game lasted 00:03:10 (198 turns).

Kingsmith the Magician (Gnoll Air Elementalist)      Turns: 198, Time: 00:03:11

Health: -2/51      AC: 10    Str:  9    XL:     6   Next: 87%
Magic:  10/16      EV: 16    Int: 14    God:    Vehumet [*.....]
Gold:   0          SH:  0    Dex: 19    Spells: 15/19 levels left

rFire   . . .      SeeInvis .    j - +2 morningstar (protect)
rCold   . . .      Faith    .    (no shield)
rNeg    . . .      Spirit   .    a - +0 robe
rPois   .          Reflect  .    (no helmet)
rElec   .          Harm     .    (no cloak)
rCorr   .          Rampage  .    h - +0 pair of gloves
Will    .....      NoTele   +    (no boots)
Stlth   ++++......               (no amulet)
HPRegen 0.28/turn                k - +3 ring of dexterity
MPRegen 0.15/turn                m - +3 ring of dexterity

@: sluggish, under a protective aura, invisible, very slow
A: fangs 1, strong nose, distributed training
a: Renounce Religion


You were in the Dungeon.
You worshipped Vehumet.
Vehumet was aware of your devotion.
You visited 1 branch

Inventory:

Hand Weapons
 j - a +2 morningstar of protection (weapon)
Armour
 a - a +0 robe (worn)
 h - a +0 pair of gloves (worn)
 l - a +1 scale mail
Jewellery
 k - a +3 ring of dexterity (left hand)
 m - a +3 ring of dexterity (right hand)
Wands
 i - a wand of quicksilver (10)
Scrolls
 f - 2 scrolls of amnesia
 g - 2 scrolls of blinking
Potions
 b - 4 potions of magic
 c - 5 potions of curing
 d - a potion of heal wounds


   Skills:
 + Level 5.1 Fighting
 + Level 5.1 Short Blades
 + Level 5.1 Long Blades
 + Level 5.1 Axes
 + Level 5.1 Maces & Flails
 + Level 5.1 Polearms
 + Level 5.1 Staves
 + Level 5.1 Ranged Weapons
 + Level 5.1 Throwing
 + Level 5.1 Armour
 + Level 7.0 Dodging
 + Level 6.7 Stealth
 + Level 5.1 Shields
 + Level 5.1 Unarmed Combat
 + Level 7.3 Spellcasting
 + Level 4.8 Conjurations
 + Level 4.2 Hexes
 + Level 4.2 Summonings
 + Level 4.2 Necromancy
 + Level 4.2 Translocations
 + Level 4.2 Transmutations
 + Level 4.2 Fire Magic
 + Level 4.2 Ice Magic
 + Level 7.0 Air Magic
 + Level 4.2 Earth Magic
 + Level 4.2 Poison Magic
 + Level 5.6 Invocations
 + Level 5.1 Evocations


You had 15 spell levels left.
You knew the following spells:

 Your Spells              Type           Power      Damage    Failure   Level
a - Shock                 Conj/Air       84%        1d8       1%          1
b - Swiftness             Air            24%        N/A       2%          3

Your spell library contained the following spells:

 Spells                   Type           Power      Damage    Failure   Level
 Foxfire                  Conj/Fire      68%        2x1d7     2%          1
 Static Discharge         Conj/Air       42%        2-4/arc   1%          2
 Airstrike                Air            12%        2d(2-18)  8%          4


Dungeon Overview and Level Annotations

Branches:
Dungeon (1/1)

Altars:
Cheibriados
Dithmenos
Elyvilon
Fedhas
Gozag
Hepliaklqana
Kikubaaqudgha
Makhleb
Nemelex Xobeh
Okawaru
Qazlal
Ru
Sif Muna
Trog
Uskayaw
Vehumet
Wu Jian
Xom
Yredelemnul
Zin
The Shining One
Jiyva
Lugonu


Innate Abilities, Weirdness & Mutations

You have very sharp teeth.
Your uncanny sense of smell can sniff out nearby items.
Your experience applies equally to all skills.


Message History

The wyvern is almost dead.
The wyvern bites you!
* * * LOW HITPOINT WARNING * * *
The wyvern barely misses you.
You catch the helpless wyvern completely off-guard!
You hit the wyvern.
You kill the wyvern!
Vehumet accepts your kill.
You can now gain magical power from killing.
Vehumet offers you knowledge of Foxfire.
Your Fighting skill increases to level 5!
Your Short Blades skill increases to level 5!
Your Long Blades skill increases to level 5!
Your Axes skill increases to level 5!
Your Maces & Flails skill increases to level 5!
Your Polearms skill increases to level 5!
Your Staves skill increases to level 5!
Your Ranged Weapons skill increases to level 5!
Your Throwing skill increases to level 5!
Your Armour skill increases to level 5!
Your Dodging skill increases to level 7!
Your Shields skill increases to level 5!
Your Unarmed Combat skill increases to level 5!
Your Spellcasting skill increases to level 7!
Your Hexes skill increases to level 4!
Your Summonings skill increases to level 4!
Your Necromancy skill increases to level 4!
Your Translocations skill increases to level 4!
Your Transmutations skill increases to level 4!
Your Fire Magic skill increases to level 4!
Your Ice Magic skill increases to level 4!
Your Air Magic skill increases to level 7!
Your Earth Magic skill increases to level 4!
Your Poison Magic skill increases to level 4!
Your Invocations skill increases to level 5!
Your Evocations skill increases to level 5!
The troll bites you!
* * * LOW HITPOINT WARNING * * *
The troll barely misses you. The troll claws you!
You die...

▓▓▓▓▓▓▓▓▓▓▓▓▓▓▓▓▓▓▓▓▓▓▓▓▓▓
_________'..))[.@T5)Ko....
▓▓▓▓▓▓▓▓▓▓▓▓▓▓▓▓▓▓▓▓▓▓▓▓▓▓
∆∆∆∆ ∆ ∆


You could see a kobold demonologist (unable to see you), a troll (unable to see
you), an orc warrior (unable to see you) and an iron imp (summoned, unable to
see you).

Vanquished Creatures
  A wyvern (D)
  An ogre (D)
  A centaur (D)
  An orc priest (D)
  A jelly (D)
  An iguana (D)
  An adder (D)
  A white imp (D)
  An endoplasm (D)
  A goblin (D)
  A kobold (D)
  2 rats (D)
13 creatures vanquished.

Notes
Turn   | Place    | Note
-------+----------+-------------------------------------------
     0 | D        | Kingsmith the Gnoll Air Elementalist began the quest for
                  | the Orb.
     0 | D        | Reached XP level 1. HP: 13/13 MP: 6/6
     5 | D        | Reached skill level 5 in Spellcasting
     6 | D        | Reached skill level 1 in Invocations
    26 | D        | Noticed an ogre
    26 | D        | Noticed a jelly
    26 | D        | Noticed an iguana
    34 | D        | Killed an ogre
    35 | D        | Reached skill level 5 in Dodging
    35 | D        | Reached skill level 5 in Stealth
    35 | D        | Reached XP level 2. HP: 23/23 MP: 5/8
    35 | D        | Reached XP level 3. HP: 28/28 MP: 6/10
    35 | D        | Reached XP level 4. HP: 34/34 MP: 6/11
    37 | D        | Reached XP level 5. HP: 41/41 MP: 6/13
    85 | D        | Found a snail-covered altar of Cheibriados.
    85 | D        | Found a shadowy altar of Dithmenos.
    85 | D        | Found a white marble altar of Elyvilon.
    85 | D        | Found a blossoming altar of Fedhas.
    85 | D        | Found an opulent altar of Gozag.
    86 | D        | Found a hazy altar of Hepliaklqana.
    87 | D        | Found a viscous altar of Jiyva.
    88 | D        | Found an ancient bone altar of Kikubaaqudgha.
    89 | D        | Found a corrupted altar of Lugonu.
    90 | D        | Found a burning altar of Makhleb.
    91 | D        | Found a sparkling altar of Nemelex Xobeh.
   100 | D        | Found an iron altar of Okawaru.
   103 | D        | Found a stormy altar of Qazlal.
   104 | D        | Found a sacrificial altar of Ru.
   105 | D        | Found a shimmering blue altar of Sif Muna.
   106 | D        | Found a bloodstained altar of Trog.
   107 | D        | Found a hide-covered altar of Uskayaw.
   108 | D        | Found a radiant altar of Vehumet.
   109 | D        | Found an ornate altar of the Wu Jian Council.
   110 | D        | Found a shimmering altar of Xom.
   111 | D        | Found a basalt altar of Yredelemnul.
   112 | D        | Found a glowing silver altar of Zin.
   113 | D        | Found a glowing golden altar of the Shining One.
   119 | D        | Learned a level 3 spell: Swiftness
   136 | D        | Became a worshipper of Vehumet
   177 | D        | Noticed a wyvern
   177 | D        | Noticed a centaur
   177 | D        | Noticed a troll
   177 | D        | Noticed a kobold demonologist
   177 | D        | Noticed an orc warrior
   188 | D        | HP: 1/41 [wyvern (6)]
   191 | D        | Killed a centaur
   192 | D        | Reached XP level 6. HP: 19/49 MP: 13/15
   197 | D        | Killed a wyvern
   197 | D        | Reached * piety under Vehumet
   197 | D        | Offered knowledge of Foxfire by Vehumet.
   198 | D        | Reached skill level 5 in Fighting
   198 | D        | Reached skill level 5 in Short Blades
   198 | D        | Reached skill level 5 in Long Blades
   198 | D        | Reached skill level 5 in Axes
   198 | D        | Reached skill level 5 in Maces & Flails
   198 | D        | Reached skill level 5 in Polearms
   198 | D        | Reached skill level 5 in Staves
   198 | D        | Reached skill level 5 in Ranged Weapons
   198 | D        | Reached skill level 5 in Throwing
   198 | D        | Reached skill level 5 in Armour
   198 | D        | Reached skill level 5 in Shields
   198 | D        | Reached skill level 5 in Unarmed Combat
   198 | D        | Reached skill level 5 in Invocations
   198 | D        | Reached skill level 5 in Evocations
   198 | D        | Slain by a troll

Illustrated notes

Levels and vault maps discovered:
D:        linesprint [early_d, line_temple, items_1, d_10, items_2, lair_1,
          lair_end, items_3, orc_1, orc_end, items_4, d_15, swamp_1, shoals_1,
          snake_1, spider_1, d_20, vaults_1, items_5, swamp_end, shoals_end,
          snake_end, spider_end, vaults_end, d_27, items_6, zot_1, zot_end,
          crypt_end, forest_end, elf_end, slime_end, tomb_end, abyss_end,
          pan_hell_end]

Skill      XL: |  1  2  3  4  5  6 |
---------------+-------------------+-----
Spellcasting   | 5 6 7 |  7.3
Conjurations   | 3 4 |  4.8
Invocations    | 3 4 5 |  5.6
Fighting       | 2 3 4 5 |  5.1
Short Blades   | 2 3 4 5 |  5.1
Long Blades    | 2 3 4 5 |  5.1
Axes           | 2 3 4 5 |  5.1
Maces & Flails | 2 3 4 5 |  5.1
Polearms       | 2 3 4 5 |  5.1
Staves         | 2 3 4 5 |  5.1
Ranged Weapons | 2 3 4 5 |  5.1
Throwing       | 2 3 4 5 |  5.1
Armour         | 2 3 4 5 |  5.1
Dodging        | 5 6 7 |  7.0
Stealth        | 5 6 |  6.7
Shields        | 2 3 4 5 |  5.1
Unarmed Combat | 2 3 4 5 |  5.1
Hexes          | 2 3 4 |  4.2
Summonings     | 2 3 4 |  4.2
Necromancy     | 2 3 4 |  4.2
Translocations | 2 3 4 |  4.2
Transmutations | 2 3 4 |  4.2
Fire Magic     | 2 3 4 |  4.2
Ice Magic      | 2 3 4 |  4.2
Air Magic      | 6 7 |  7.0
Earth Magic    | 2 3 4 |  4.2
Poison Magic   | 2 3 4 |  4.2
Evocations     | 2 3 4 5 |  5.1

Action                   |  1- 3 |  4- 6 || total
-------------------------+-------+-------++-------
Melee: Short sword       |     5 |     9 ||    14
       Morningstar       |       |     2 ||     2
 Cast: Shock             |     3 |    13 ||    16
       Swiftness         |       |     1 ||     1
  Use: Potion            |     2 |     4 ||     6
 Stab: Invisible         |       |     1 ||     1
Dodge: Dodged            |     3 |    19 ||    22

Table legend: (Time is in decaauts)
 A = Elapsed time spent in this place.
 B = Non-inter-level travel time spent in this place.
 C = Inter-level travel time spent in this place.
 D = Time resting spent in this place.
 E = Time spent auto-exploring this place.
 F = Levels seen in this place.
 G = Mean time per level.
                   A        B        C        D        E       F      G
               +--------+--------+--------+--------+--------+-----+--------+
         Total |    183 |    183 |      0 |     36 |      0 |   1 |  183.0 |
       Dungeon |    183 |    183 |      0 |     36 |      0 |   1 |  183.0 |
               +--------+--------+--------+--------+--------+-----+--------+

Top non-repeatable levels by time:
       D: 183 daAuts
